 Dungeon Crawl Stone Soup version 0.31-a0-435-g2c6fae2916 (webtiles) character file.

Game seed: 175055257012034906

56 Arzdou the Ruffian (level 3, -4/26 HPs)
             Began as a Demonspawn Shapeshifter on Aug 1, 2023.
             Killed from afar by an orc wizard (9 damage)
             ... with a magic dart
             ... on level 2 of the Dungeon.
             The game lasted 00:01:50 (1230 turns).

Arzdou the Ruffian (Demonspawn Shapeshifter)        Turns: 1230, Time: 00:01:51

Health: -4/26      AC:  4    Str: 17    XL:     3   Next: 71%
Magic:  3/3        EV: 12    Int:  9    God:
Gold:   54         SH:  0    Dex: 13    Spells: 2/2 levels left

rFire   . .          .
                       - Unarmed
rCold   . . .        (no shield)
rNeg    . . .        a - +0 animal skin
rPois   .            (helmet currently unavailable)
rElec   .            (cloak currently unavailable)
rCorr   .            (gloves currently unavailable)
SInv    .            (boots currently unavailable)
Will    .....        (no amulet)
Stlth   +            (no ring)
HPRegen 0.24/turn    (no ring)
MPRegen 0.08/turn

%: no passive effects
@: confused, beast-form
A: beast (slay +2), icy blue scales 1
a: Begin Untransformation


You were on level 2 of the Dungeon.
You were a hulking beast.
You visited 1 branch of the dungeon, and saw 2 of its levels.

You collected 54 gold pieces.

Inventory:

Armour
 a - a +0 animal skin (worn)
Talismans
 c - a beast talisman (active)
Scrolls
 d - a scroll of revelation {unknown}
 e - a scroll of summoning {unknown}
 g - a scroll of fog {unknown}
 h - a scroll of immolation {unknown}
 i - 2 scrolls of identify {unknown}
 j - a scroll of acquirement {unknown}
Potions
 b - a potion of lignification
 f - 2 potions of haste {unknown}


   Skills:
 - Level 1.1 Fighting
 - Level 1.8 Dodging
 + Level 3.5 Unarmed Combat
 + Level 3.3 Shapeshifting


You had 2 spell levels left.
You didn't know any spells.
Your spell library contained the following spells:

 Spells                   Type           Power      Damage    Failure   Level
 Apportation              Tloc           0%         N/A       38%         1
 Necrotise                Necr           0%         1d4       38%         1
 Summon Small Mammal      Summ           0%         N/A       38%         1


Dungeon Overview and Level Annotations

Branches:
Dungeon (2/15)

Altars:


Innate Abilities, Weirdness & Mutations

You are a hulking beast.
Your limbs bulge with bestial killing power. (Slay +2)
You are partially covered in icy blue scales. (AC +2)


Message History

You hit the orc wizard.
The orc wizard is heavily wounded.
The orc wizard casts a spell at you. The magic dart hits you!
The orc barely misses you.
You barely miss the orc wizard.
The orc wizard is heavily wounded.
The orc hits you with a +0 dagger. The orc wizard misses you.
You hit the orc wizard.
The orc wizard is heavily wounded.
The orc barely misses you.
The orc wizard points at you and mumbles some strange words.
The magic dart hits you!
You are too injured to fight recklessly!
You are too injured to fight recklessly!
You are too injured to fight recklessly!
You are too injured to fight recklessly!
You are too injured to fight recklessly!
You are too injured to fight recklessly!
You are too injured to fight recklessly!
You are too injured to fight recklessly!
You are too injured to fight recklessly!
You are too injured to fight recklessly!
You are too injured to fight recklessly!
You are too injured to fight recklessly!
You hit the orc wizard.
The orc wizard is severely wounded.
The orc closely misses you.
The orc wizard gestures at you while chanting.
You are confused.
You miss the orc wizard.
The orc wizard is severely wounded.
The orc barely misses you. The orc wizard casts a spell at you.
The magic dart hits you.
* * * LOW HITPOINT WARNING * * *
You closely miss the orc wizard.
The orc wizard is severely wounded.
The orc wizard gestures at you while chanting.
The magic dart hits you!
You die...

#.#.##.# #.#.##.#
#.#.##.#### #..
).#.##....# #.######
#. ###.#####.#
#.#....# ... )<#.#
#.# #.#....#..# ###.
#.# #.#......# ....#
#.# #.#..o.#
##.....##.###.#.ho.#
.........†.......#
.....####........#
.... #.#......# ...
#.#..##### .. #.#>.#
# #.#### #.# #.#


You could see an orc wizard and an orc.

Vanquished Creatures
  Robin (D:2)
  4 ball pythons
  4 bats (D:1)
  An endoplasm (D:1)
  3 giant cockroaches (D:1)
  10 goblins
  8 hobgoblins
  3 kobolds
  3 rats (D:1)
37 creatures vanquished.

Notes
Turn   | Place    | Note
-------+----------+-------------------------------------------
     0 | D:1      | Arzdou the Demonspawn Shapeshifter began the quest for the
                  | Orb.
     0 | D:1      | Reached XP level 1. HP: 15/15 MP: 1/1
   199 | D:1      | Gained mutation: You are partially covered in icy blue
                  | scales. (AC +2) [demonic ancestry]
   199 | D:1      | Reached XP level 2. HP: 7/21 MP: 2/2
   653 | D:1      | Found a faded altar of an unknown god.
   959 | D:1      | Reached XP level 3. HP: 26/26 MP: 3/3
  1122 | D:2      | Identified the +10 hammer of Ilyxupiu {flame, *Corrode
                  | rPois Stlth+}
  1132 | D:2      | Noticed Robin
  1145 | D:2      | Killed Robin
  1230 | D:2      | Killed from afar by an orc wizard

Illustrated notes

Levels and vault maps discovered:
D:1:      mainiacjoe_arrival_reflecting_pool, layout_basic,
          shapermc_ecumenical_altar_acropolis, minmay_pentomino_v2
D:2:      layout_basic, serial_shops, shop, uniq_terence, uniq_natasha,
          uniq_crazy_yiuf_cottage, uniq_robin

Skill      XL: |  1  2 |
---------------+-------+-----
Unarmed Combat | 3 |  3.5
Shapeshifting  | 3 |  3.3
Fighting       | |  1.1
Dodging        | |  1.8

Action                     || total
---------------------------++-------
  Melee: Unarmed           ||   108
         Punch             ||     3
 Armour: Animal skin       ||    35
  Dodge: Dodged            ||    59

Table legend: (Time is in decaauts)
 A = Elapsed time spent in this place.
 B = Non-inter-level travel time spent in this place.
 C = Inter-level travel time spent in this place.
 D = Time resting spent in this place.
 E = Time spent auto-exploring this place.
 F = Levels seen in this place.
 G = Mean time per level.
                   A        B        C        D        E       F      G
               +--------+--------+--------+--------+--------+-----+--------+
         Total |   1225 |   1150 |     75 |      0 |    944 |   2 |  612.5 |
       Dungeon |   1225 |   1150 |     75 |      0 |    944 |   2 |  612.5 |
               +--------+--------+--------+--------+--------+-----+--------+

Top non-repeatable levels by time:
     D:1: 1081 daAuts
     D:2: 143 daAuts
